 Dungeon Crawl Stone Soup version 0.29-a0-723-gce39da1c22 (webtiles) character file.

Game seed: 11794285192269140067

3788 ytrimaz the Cleaver (level 9, -4/63 (67) HPs)
             Began as a Demonspawn Berserker on June 28, 2022.
             Was an Elder of Trog.
             Slain by an orc warrior
             ... wielding a +0 glaive
              (12 damage)
             ... on level 9 of the Dungeon.
             The game lasted 00:14:30 (9735 turns).

ytrimaz the Cleaver (Demonspawn Berserker)          Turns: 9735, Time: 00:14:30

HP:   -4/63 (67)    AC: 19    Str: 22    XL:     9   Next: 95%
MP:   9/9           EV:  8    Int:  8    God:    Trog [****..]
Gold: 484           SH:  0    Dex: 13    Spells: 8/8 levels left

rFire   . . .      SeeInvis +   b - +0 battleaxe (freeze)
rCold   . . .      Faith    .   (shield currently unavailable)
rNeg    . . .      Spirit   .   E - +0 chain mail
rPois   .          Reflect  .   (helmet restricted)
rElec   .          Harm     .   s - +1 cloak
rCorr   .          Rampage  .   x - +0 pair of gloves
Will    .....                   i - +0 pair of boots
Stlth   ..........              (no amulet)
HPRegen 0.20/turn               f - ring of see invisible
MPRegen 0.11/turn               k - +4 ring of protection

@: on berserk cooldown, slowed, drained, very slow
A: horns 2, rugged brown scales 3
a: Renounce Religion, Berserk, Trog's Hand, Brothers in Arms


You were on level 9 of the Dungeon.
You worshipped Trog.
Trog was greatly pleased with you.
You visited 2 branches of the dungeon, and saw 10 of its levels.
You also visited: Ossuary.

You collected 484 gold pieces.

Inventory:

Hand Weapons
 a - a +0 hand axe
 b - a +0 battleaxe of freezing (weapon)
Missiles
 l - a throwing net (quivered)
Armour
 i - a +0 pair of boots (worn)
 s - a +1 cloak (worn)
 x - a +0 pair of gloves (worn)
 E - a +0 chain mail (worn)
Jewellery
 f - a ring of see invisible (left hand)
 k - a +4 ring of protection (right hand)
 m - a ring of magical power
 t - a ring of magical power
 A - a ring of resist corrosion
Wands
 F - a wand of polymorph (3)
Scrolls
 j - a scroll of vulnerability
 p - 2 scrolls of teleportation
 r - a scroll of fear
 v - 3 scrolls of immolation
 y - 2 scrolls of magic mapping
 D - a scroll of noise
Potions
 c - 4 potions of attraction
 d - 2 potions of cancellation
 e - a potion of brilliance {unknown}
 g - a potion of lignification {unknown}
 h - 4 potions of heal wounds
 n - 2 potions of mutation
 o - a potion of resistance {unknown}
 q - 3 potions of curing
 u - 2 potions of might {unknown}
 w - a potion of magic {unknown}
 z - 2 potions of haste
 B - 2 potions of flight


   Skills:
 - Level 3.0 Fighting
 * Level 13.3 Axes
 - Level 1.7 Armour
 - Level 1.7 Dodging


You had 8 spell levels left.
You didn't know any spells.
Your spell library was empty.

Dungeon Overview and Level Annotations

Branches:
Dungeon (9/15)             Temple (1/1) D:4            Lair (0/6) D:8
Ossuary (visited)
    Orc: D:9-12

Altars:
Ashenzari
Dithmenos
Elyvilon
Fedhas
Gozag
Hepliaklqana
Kikubaaqudgha
Makhleb
Nemelex Xobeh
Okawaru
Qazlal
Ru
Sif Muna
Trog
Uskayaw
Vehumet
Wu Jian
Xom
Yredelemnul
Zin
The Shining One

Shops:
D:6 *   D:7 :

Annotations:
D:5 2 transporters, blackman's ghost, weakling HuDe
D:7 1 runed translucent door
D:9 3 runed translucent doors, SirDiesAlot's ghost, novice DEEE


Innate Abilities, Weirdness & Mutations

You have a pair of horns on your head.
You are completely covered in rugged brown scales. (AC +3, +7% HP)


Message History

You closely miss the orc warrior. You headbutt the orc warrior.
The orc warrior is lightly wounded.
The orc warrior hits you but does no damage.
You closely miss the orc warrior.
The orc warrior is lightly wounded.
The orc warrior hits you but does no damage.
The orc warrior closely misses you.
You hit the orc warrior but do no damage.
The orc warrior is lightly wounded.
Your skin stops crawling.
You feel less strong-willed.
The orc warrior hits you with a +0 glaive.
You hit the orc warrior. You freeze the orc warrior.
You headbutt the orc warrior.
The orc warrior is moderately wounded.
The orc warrior hits you but does no damage.
The orc warrior hits you with a +0 glaive.
You slash the orc warrior! You freeze the orc warrior.
You headbutt the orc warrior, but do no damage.
The orc warrior is severely wounded.
The orc warrior barely misses you. The orc warrior closely misses you.
You barely miss the orc warrior.
You headbutt the orc warrior, but do no damage.
The orc warrior is severely wounded.
The orc warrior hits you with a +0 glaive.
You barely miss the orc warrior. Your headbutt misses the orc warrior.
The orc warrior is severely wounded.
The orc warrior hits you but does no damage. x2
You closely miss the orc warrior. Your headbutt misses the orc warrior.
The orc warrior is severely wounded.
The orc warrior barely misses you.
You hit the orc warrior but do no damage.
The orc warrior is severely wounded.
The orc warrior hits you with a +0 glaive.
The orc warrior hits you with a +0 glaive!
* * * LOW HITPOINT WARNING * * *
You barely miss the orc warrior.
You headbutt the orc warrior, but do no damage.
The orc warrior is severely wounded.
The orc warrior hits you with a +0 glaive!
You die...

####....>.##.....
#.........##.####
####.....####...#
##......)).....### #
o..#......###### ##
#.......# #. ##)#.....#
#####.
#####).##...#######.....
.......o@................
.#..#.###................
## #. #...#########.....
#. #...#...o...#..... #
#....#o.$[/..#.....
......# .#..#.....
.......#. .To#l#..#..
#......#. # #.W#..#.#
.......#.. ....#..#.#


You could see an orc warrior.

Vanquished Creatures
  3 wargs (D:8)
  4 water moccasins
  A sky beast (D:7)
  2 black bears
  2 ice beasts
  An ogre (D:5)
  A centaur (D:9)
  3 kobold brigands
  4 bullfrogs
  A necrophage (D:5)
  A gnoll sergeant (D:8)
  4 scorpions
  13 killer bees
  A howler monkey (D:5)
  6 orc priests
  2 gnoll shamans
  2 hounds (D:7)
  3 jellies
  2 iguanas
  7 orc wizards
  A mummy (Ossuary)
  7 adders
  10 gnolls
  A white imp (D:8)
  An ufetubus (D:6)
  A worm (D:3)
  A dart slug (D:2)
  20 orcs
  4 spectral bats (Ossuary)
  6 ball pythons
  9 endoplasms
  4 giant cockroaches
  12 gnoll zombies (Ossuary)
  6 goblins
  10 hobgoblins
  3 jackals (D:3)
  3 quokkas
  5 bats
  A bat simulacrum (Ossuary)
  3 frilled lizards
  3 goblin simulacra (Ossuary)
  A goblin skeleton (D:7)
  5 goblin zombies
  7 hobgoblin zombies
  A jackal zombie (D:7)
  14 kobolds
  2 kobold simulacra (Ossuary)
  A kobold skeleton (D:8)
  7 kobold zombies
  5 orc zombies
  7 rats
  2 rat simulacra (Ossuary)
  2 spectral goblins (Ossuary)
  5 spectral kobolds (Ossuary)
  A spectral rat (Ossuary)
234 creatures vanquished.

Notes
Turn   | Place    | Note
-------+----------+-------------------------------------------
     0 | D:1      | ytrimaz the Demonspawn Berserker began the quest for the
                  | Orb.
     0 | D:1      | Reached XP level 1. HP: 18/18 MP: 1/1
   192 | D:1      | Reached skill level 3 in Axes
   282 | D:1      | Gained mutation: You have a pair of small horns on your
                  | head. [demonic ancestry]
   282 | D:1      | Reached XP level 2. HP: 22/24 MP: 2/2
   429 | D:1      | Found a faded altar of an unknown god.
  1313 | D:2      | Gained mutation: You have a pair of horns on your head.
                  | [demonic ancestry]
  1313 | D:2      | Reached XP level 3. HP: 29/29 MP: 3/3
  1327 | D:2      | Reached skill level 4 in Axes
  1504 | D:2      | Reached ** piety under Trog
  2412 | D:3      | Reached XP level 4. HP: 32/35 MP: 4/4
  3132 | D:4      | You fall into a shaft and drop 3 floors!
  3135 | D:7      | Noticed a kobold brigand
  3168 | D:7      | Killed a kobold brigand
  3169 | D:7      | Reached skill level 5 in Axes
  3169 | D:7      | Gained mutation: You are partially covered in rugged brown
                  | scales. (AC +1, +3% HP) [demonic ancestry]
  3169 | D:7      | Reached XP level 5. HP: 18/42 MP: 5/5
  3410 | D:6      | Found Fienaitz's Gadget Gallery.
  3560 | D:6      | Found a sand-covered staircase.
  3565 | Ossuary  | Entered an ossuary
  3604 | Ossuary  | Reached *** piety under Trog
  3714 | Ossuary  | Reached skill level 6 in Axes
  3848 | Ossuary  | Reached **** piety under Trog
  3872 | Ossuary  | Gained mutation: You are mostly covered in rugged brown
                  | scales. (AC +2, +5% HP) [demonic ancestry]
  3872 | Ossuary  | Reached XP level 6. HP: 42/49 MP: 6/6
  3939 | D:5      | Entered Level 5 of the Dungeon
  4011 | D:5      | Found a sacrificial altar of Ru.
  4024 | D:5      | Reached skill level 7 in Axes
  4103 | D:5      | Noticed an ice beast
  4110 | D:5      | Killed an ice beast
  4111 | D:5      | Gained mutation: You are completely covered in rugged brown
                  | scales. (AC +3, +7% HP) [demonic ancestry]
  4111 | D:5      | Reached XP level 7. HP: 55/55 MP: 7/7
  4301 | D:5      | Noticed a toenail golem
  4323 | D:5      | Reached skill level 8 in Axes
  4323 | D:5      | Found a transporter.
  4338 | D:4      | Found an opulent altar of Gozag.
  4338 | D:4      | Found a hazy altar of Hepliaklqana.
  4390 | D:5      | Noticed a small abomination
  4758 | D:5      | Found a transporter.
  4763 | D:5      | Noticed blackman's ghost (weakling HuDe)
  5194 | D:4      | Found a staircase to the Ecumenical Temple.
  5209 | Temple   | Entered the Ecumenical Temple
  5892 | D:4      | Reached skill level 9 in Axes
  5892 | D:4      | Reached XP level 8. HP: 62/62 MP: 8/8
  6786 | D:6      | Reached skill level 10 in Axes
  7204 | D:7      | Found an iron altar of Okawaru.
  7612 | D:7      | Found Itwuig's Book Shop.
  7816 | D:7      | Found a runed translucent door.
  7825 | D:7      | Reached skill level 11 in Axes
  7835 | D:7      | Reached XP level 9. HP: 35/67 MP: 9/9
  7992 | D:7      | Found a basalt altar of Yredelemnul.
  8252 | D:8      | Reached skill level 12 in Axes
  8562 | D:8      | Found a staircase to the Lair.
  9340 | D:9      | Reached skill level 13 in Axes
  9551 | D:9      | Found an ancient bone altar of Kikubaaqudgha.
  9641 | D:9      | Found a runed translucent gate.
  9641 | D:9      | Found a runed translucent gate.
  9641 | D:9      | Noticed SirDiesAlot's ghost (novice DEEE)
  9642 | D:9      | Found a runed translucent gate.
  9642 | D:9      | Noticed a troll
  9735 | D:9      | Slain by an orc warrior

Illustrated notes

Levels and vault maps discovered:
D:1:      dpeg_arrival_rooms_b, layout_basic, chequers_ecumenical_altar_simple,
          nrook_uturn
D:2:      layout_basic
D:3:      layout_rooms, minmay_cut_off
D:4:      layout_loops_corners, marbit_many_paths,
          nicolae_overflow_hidden_temple, minmay_temple_entry_large_hall,
          kennysheep_opposing_triangles
D:5:      layout_loops_corners, mainiacjoe_overflow_chevrons,
          gammafunk_ghost_abyssal_escape
D:6:      layout_loops_corners, nicolae_ossuary_entry_plus, nicolae_shop_gadgets
D:7:      layout_loops_ring, okawaru_ov_weapons_minmay, dk_yredelemnul_ordeal,
          serial_shops, shop, hangedman_decor_peaks_small
D:8:      layout_cave_pools, nicolae_tso_besieged_by_evil,
          erik_lair_orcish_takeover
D:9:      layout_rooms, kennysheep_little_box, gammafunk_ghost_split
Temple:   cyrus_circular_temple

Skill      XL: |  1  2  3  4  5  6  7  8  9 |
---------------+----------------------------+-----
Axes           | 3 4 5 6 7 9 11 13 | 13.3
Fighting       | |  3.0
Armour         | |  1.7
Dodging        | |  1.7

Action                   |  1- 3 |  4- 6 |  7- 9 || total
-------------------------+-------+-------+-------++-------
Melee: Hand axe          |   102 |    73 |       ||   175
       Punch             |     3 |     1 |       ||     4
       Headbutt          |    16 |    37 |    52 ||   105
       Battleaxe         |       |   122 |   311 ||   433
Invok: Trog's Hand       |       |     2 |     8 ||    10
       Berserk           |       |     1 |     5 ||     6
  Use: Scroll            |     7 |     6 |     9 ||    22
       Potion            |       |     3 |     1 ||     4
Armor: Animal skin       |    17 |       |       ||    17
       Ring mail         |    15 |   110 |    86 ||   211
       Chain mail        |       |       |   208 ||   208
Dodge: Dodged            |    81 |   136 |   211 ||   428

Table legend: (Time is in decaauts)
 A = Elapsed time spent in this place.
 B = Non-inter-level travel time spent in this place.
 C = Inter-level travel time spent in this place.
 D = Time resting spent in this place.
 E = Time spent auto-exploring this place.
 F = Levels seen in this place.
 G = Mean time per level.
                   A        B        C        D        E       F      G
               +--------+--------+--------+--------+--------+-----+--------+
         Total |   9890 |   9571 |    319 |   1823 |   5763 |  11 |  899.1 |
       Dungeon |   9453 |   9142 |    311 |   1823 |   5728 |   9 | 1050.3 |
        Temple |     50 |     42 |      8 |      0 |     35 |   1 |   50.0 |
       Ossuary |    385 |    385 |      0 |      0 |      0 |   1 |  385.0 |
               +--------+--------+--------+--------+--------+-----+--------+

Top non-repeatable levels by time:
     D:8: 1307 daAuts
     D:5: 1276 daAuts
     D:7: 1261 daAuts
     D:4: 1251 daAuts
     D:1: 1200 daAuts
     D:2: 1074 daAuts
     D:6: 1036 daAuts
     D:3: 780 daAuts
 Ossuary: 385 daAuts
     D:9: 265 daAuts
  Temple: 50 daAuts
